 Dungeon Crawl Stone Soup version 0.25.0-9-g26727b657a (webtiles) character file.

Game seed: 15430109271117814002

324 grindst0ne the Cutter (level 6, 0/58 HPs)
             Began as a Kobold Abyssal Knight on June 19, 2020.
             Was a Priest of Lugonu.
             Slain by an ogre
             ... wielding a +0 giant spiked club
              (14 damage)
             ... on level 4 of the Dungeon.
             The game lasted 00:08:48 (5148 turns).

grindst0ne the Cutter (Kobold Abyssal Knight)       Turns: 5148, Time: 00:08:49

Health: 0/58       AC: 23    Str: 11    XL:     6   Next: 78%
Magic:  8/8        EV:  3    Int: 16    God:    Lugonu [***...]
Gold:   275        SH:  0    Dex: 14    Spells: 5/5 levels left

rFire    . . .     SeeInvis .   a - +1 short sword
rCold    . . .     Gourm    .   (shield restricted)
rNeg     + + +     Faith    .   (armour currently unavailable)
rPois    +         Spirit   .   (helmet currently unavailable)
rElec    .         Reflect  .   (cloak currently unavailable)
rCorr    .         Harm     .   (gloves currently unavailable)
MR       .....     NoTele   +   (boots currently unavailable)
Stlth    ++........             (no amulet)
HPRegen  0.19/turn              i - ring of teleportation (curse)
MPRegen  0.11/turn              (no ring)

@: tree-form (expiring)
A: small, carnivore, clever 1
a: Depart the Abyss, Bend Space, Banish, Renounce Religion


You were on level 4 of the Dungeon.
You worshipped Lugonu.
Lugonu was most pleased with you.
You were completely stuffed.
You were a tree.
You visited 1 branch of the dungeon, and saw 4 of its levels.
You visited the Abyss 1 time.

You collected 275 gold pieces.

Inventory:

Hand Weapons
 a - a +1 short sword (weapon)
Missiles
 e - 84 stones (quivered)
Armour
 b - a +0 leather armour (melded)
 g - a +0 chain mail
 n - a +0 helmet (melded)
Jewellery
 i - a cursed ring of teleportation (left branch)
Scrolls
 h - a scroll of remove curse {unknown}
 j - 4 scrolls of teleportation
 k - a scroll of immolation {unknown}
 l - a scroll of fear {unknown}
 q - a scroll of enchant armour {unknown}
Potions
 d - 3 potions of brilliance
 m - a potion of curing
 o - a potion of mutation
Comestibles
 c - 10 rations


   Skills:
 + Level 4.5 Fighting
 + Level 4.6 Short Blades
 - Level 0.7 Armour
 + Level 4.2 Dodging
 + Level 3.1 Stealth
 + Level 3.7 Invocations


You had 5 spell levels left.
You didn't know any spells.
Your spell library was empty.

Dungeon Overview and Level Annotations

Branches:
Dungeon (4/15)
 Temple: D:4-7

Altars:
Trog
Wu Jian

Annotations:
D:2 exclusion: 2 downstairs


Innate Abilities, Weirdness & Mutations

You are small and have problems with some larger weapons.
You are carnivorous and can eat meat at any time.
Your mind is acute. (Int +2)
((You are resistant to electric shocks. (rElec)))


Message History

You hit the ogre.
The ogre is severely wounded.
You closely miss the ogre.
The ogre is severely wounded.
The ogre hits you with a +0 giant spiked club!
* * * LOW HITPOINT WARNING * * *
You hit the ogre but do no damage.
The ogre is severely wounded.
The ogre hits you with a +0 giant spiked club.
* * * LOW HITPOINT WARNING * * *
You feel better.
You hit the ogre.
The ogre is severely wounded.
Your transformation is almost over.
The ogre hits you with a +0 giant spiked club.
* * * LOW HITPOINT WARNING * * *
You puncture the ogre!
The ogre is almost dead.
The ogre hits you with a +0 giant spiked club!
You die...

############### ##
#.#...........###. #
#.#..#.#.####.#.. ..
#.#.#.#..#....#.# ...
##.####...O♣...#.####.##..#
........########..........#
#######.##.....#......#...#
#..).# #.###.###.# ####.#
#.##.....# #.#
#.###...##### #.O ..#
##....... #.#. ### #.######
.###. #.# ####


You could see an ogre.

Vanquished Creatures
  A phantom (D:4)
  A hound (D:3)
  A bullfrog skeleton (D:4)
  An iguana (D:3)
  A gnoll (D:3)
  4 adders
  An adder zombie (D:3)
  3 worms
  2 dart slugs
  4 leopard geckos
  5 orcs
  4 giant cockroaches
  10 goblins
  8 hobgoblins
  10 jackals
  8 kobolds
  3 quokkas
  5 bats
  7 frilled lizards
  A leopard gecko skeleton (D:4)
  5 rats
85 creatures vanquished.

Vanquished Creatures (others)
  4 starspawn tentacles (Abyss:1)
4 creatures vanquished.

Grand Total: 89 creatures vanquished

Notes
Turn   | Place    | Note
-------+----------+-------------------------------------------
     0 | Abyss:1  | grindst0ne the Kobold Abyssal Knight began the quest for
                  | the Orb.
     0 | Abyss:1  | Reached XP level 1. HP: 14/14 MP: 2/2
    43 | Abyss:1  | Noticed an ancient zyme
    47 | Abyss:1  | Noticed a tentacled starspawn
    91 | D:1      | Escaped the Abyss
   160 | D:1      | Reached * piety under Lugonu
   251 | D:1      | Reached XP level 2. HP: 19/19 MP: 3/3
   881 | D:1      | Reached XP level 3. HP: 18/23 MP: 4/4
  1724 | D:2      | Found a bloodstained altar of Trog.
  1774 | D:2      | Reached ** piety under Lugonu
  1825 | D:2      | Reached XP level 4. HP: 25/29 MP: 5/5
  2367 | D:3      | Reached skill level 1 in Stealth
  2422 | D:3      | Noticed Natasha
  2731 | D:3      | Reached XP level 5. HP: 33/33 MP: 7/7
  2823 | D:3      | Gained mutation: Your mind is acute. (Int +2) [potion of
                  | mutation]
  2823 | D:3      | Gained mutation: You are resistant to electric shocks.
                  | (rElec) [potion of mutation]
  2828 | D:3      | Noticed Natasha
  2828 | D:3      | Natasha changed into Natasha the gnoll
  2836 | D:3      | Killed Natasha the gnoll
  2890 | D:3      | Noticed Natasha
  3527 | D:3      | Found an ornate altar of the Wu Jian Council.
  4377 | D:3      | Noticed Natasha
  4377 | D:3      | Natasha changed into Natasha the hound
  4387 | D:3      | Killed Natasha the hound
  4397 | D:3      | Noticed Natasha
  4588 | D:3      | Noticed Natasha
  4588 | D:3      | Natasha changed into Natasha the iguana
  4592 | D:3      | Killed Natasha the iguana
  4592 | D:3      | Reached XP level 6. HP: 28/38 MP: 8/8
  4784 | D:4      | Reached *** piety under Lugonu
  4871 | D:4      | Noticed a phantom
  5026 | D:4      | Killed a phantom
  5114 | D:4      | Noticed an ogre
  5148 | D:4      | Slain by an ogre

Illustrated notes

Levels and vault maps discovered:
D:1:      lightli_iron_boxes, layout_basic, serial_bayou_lagoon_a
D:2:      layout_basic, lightli_temple_of_fire
D:3:      layout_basic, lemuel_crystal_altar, grunt_decor_one_mirror,
          uniq_natasha
D:4:      minmay_thinvault, layout_loops_corners, first_ration,
          minmay_misc_feat_x

Skill      XL: |  1  2  3  4  5  6 |
---------------+-------------------+-----
Short Blades   | 3 4 |  4.6
Dodging        | 3 4 |  4.2
Stealth        | 1 2 3 |  3.1
Fighting       | 4 |  4.5
Invocations    | 3 |  3.7
Armour         | |  0.7

Action                   |  1- 3 |  4- 6 || total
-------------------------+-------+-------++-------
Melee: Short sword       |   122 |   277 ||   399
Throw: Stone             |     7 |    53 ||    60
Invok: Depart the Abyss  |     1 |       ||     1
       Bend Space        |       |     2 ||     2
Evoke: Wand              |       |    12 ||    12
  Use: Scroll            |     1 |     1 ||     2
       Potion            |       |     8 ||     8
 Stab: Sleeping          |     1 |     2 ||     3
  Eat: Chunk             |    11 |    11 ||    22
Armor: Leather armour    |    25 |    39 ||    64
       Skin              |       |    26 ||    26
Dodge: Dodged            |    94 |   184 ||   278
